 Dungeon Crawl Stone Soup version 0.30.0-19-g36f170ea60 (webtiles) character file.

Game seed: 13031384810578542556

492 Graphine the Digger (level 7, -3/42 HPs)
             Began as a Gargoyle Earth Elementalist on June 1, 2023.
             Was a Follower of Makhleb.
             Slain by Dowan
             ... wielding a +1 dagger of venom
              (7 damage)
             ... on level 5 of the Dungeon.
             The game lasted 00:11:17 (4012 turns).

Graphine the Digger (Gargoyle Earth Elementalist)   Turns: 4012, Time: 00:11:17

Health: -3/42      AC:  6    Str: 12    XL:     7   Next: 14%
Magic:  4/12       EV: 11    Int: 17    God:    Makhleb [*.....]
Gold:   120        SH:  0    Dex: 10    Spells: 9/13 levels left

rFire   . . .        c - +0 mace
rCold   . . .        (no shield)
rNeg    + . .        a - +0 robe
rPois   ∞            (no helmet)
rElec   +            (no cloak)
rCorr   .            (no gloves)
SInv    .            (no boots)
Will    .....        (no amulet)
Stlth   +++          (no ring)
HPRegen 0.27/turn    (no ring)
MPRegen 0.13/turn

%: no passive effects
@: very slightly contaminated
A: sickness immunity, AC +4, negative energy resistance 1, electricity
resistance, torment resistance 1, petrification resistance
a: Renounce Religion


You were on level 5 of the Dungeon.
You worshipped Makhleb.
Makhleb was aware of your devotion.
You visited 1 branch of the dungeon, and saw 5 of its levels.

You collected 120 gold pieces.

Inventory:

Hand Weapons
 c - a +0 mace (weapon)
 d - a +0 short sword
Armour
 a - a +0 robe (worn)
Scrolls
 e - 2 scrolls of teleportation
 g - a scroll of enchant weapon {unknown}
 k - a scroll of magic mapping {unknown}
 m - a scroll of brand weapon {unknown}
 n - a scroll of fear {unknown}
 p - a scroll of poison {unknown}
 r - 2 scrolls of torment {unknown}
Potions
 b - a potion of magic
 f - 2 potions of brilliance
 h - 4 potions of curing
 i - a potion of heal wounds
 j - a potion of resistance
 l - a potion of might
 o - 2 potions of lignification
 q - a potion of flight {unknown}


   Skills:
 * Level 3.7 Fighting
 - Level 1.5 Dodging
 * Level 4.8 Stealth
 * Level 3.7 Spellcasting
 - Level 0.7 Transmutations
 * Level 5.6 Earth Magic


You had 9 spell levels left.
You knew the following spells:

 Your Spells              Type           Power      Damage    Failure   Level
a - Sandblast             Erth           44%        2d11      1%          1
b - Stone Arrow           Conj/Erth      24%        3d8       16%         3

Your spell library contained the following spells:

 Spells                   Type           Power      Damage    Failure   Level
 Passwall                 Tmut/Erth      11%        N/A       7%          2
 Apportation              Tloc           6%         N/A       16%         1
 Necrotise                Necr           12%        1d4       16%         1
 Summon Small Mammal      Summ           12%        N/A       16%         1
 Ensorcelled Hibernation  Hex/Ice        6%         N/A       24%         2
 Poisonous Vapours        Pois/Air       6%         N/A       24%         2
 Petrify                  Tmut/Erth      14%        N/A       41%         4
 Lee's Rapid Deconstruct  Erth           11%        3d8*      41%         5
 Mephitic Cloud           Conj/Pois/Air  3%         N/A       43%         3
 Swiftness                Air            3%         N/A       43%         3
 Tukima's Dance           Hex            3%         N/A       43%         3
 Vampiric Draining        Necr           3%         2d6       43%         3
 Leda's Liquefaction      Hex/Erth       6%         N/A       45%         4
 Passage of Golubria      Tloc           3%         N/A       85%         4
 Irradiate                Conj/Tmut      2%         3d12      98%         5
 Yara's Violent Unravell  Hex/Tmut       2%         3d3       98%         5
 Agony                    Necr           3%         N/A       99%         5
 Freezing Cloud           Conj/Ice/Air   1%         6-21      99%         5
 Sublimation of Blood     Necr           Unusable   N/A       N/A         2
 Statue Form              Tmut/Erth      Unusable   N/A       N/A         6

Dungeon Overview and Level Annotations

Branches:
Dungeon (5/15)
 Temple: D:4-7

Altars:
Makhleb
Wu Jian

Shops:
D:2 (

Annotations:
D:5 Dowan, Duvessa


Innate Abilities, Weirdness & Mutations

You are immune to sickness and miasma.
Your stone body is resilient. (AC +4)
You are immune to poison.
You resist negative energy. (rN+)
You are resistant to electric shocks. (rElec)
You are resistant to unholy torment.
You are immune to petrification.


Message History

You are too injured to fight recklessly!
You are too injured to fight recklessly!
You feel much better.
Dowan says, "My weaknesses are her strengths!"
Dowan hits you with a +1 dagger of venom.
Duvessa hits you with a +0 rapier!
You are too injured to fight recklessly!
Casting: Sandblast (safe; 1% risk of failure)
Confirm with . or Enter, or press ? or * to list all spells.
You don't know that spell.
Unknown command.
Casting: Sandblast (safe; 1% risk of failure)
Confirm with . or Enter, or press ? or * to list all spells.
Aiming: Sandblast (safe; 1% risk of failure)
Press: ? - help, Shift-Dir - straight line, f/p - Duvessa
Aim: Duvessa, wielding a +0 rapier and wearing a +0 scale mail (severely wounded, 87% to hit)
You miscast Sandblast.
You are very lightly contaminated with residual magic.
Nothing appears to happen.
Dowan hits you but does no damage. Duvessa hits you with a +0 rapier.
Casting: Sandblast (safe; 1% risk of failure)
Confirm with . or Enter, or press ? or * to list all spells.
Aiming: Sandblast (safe; 1% risk of failure)
Press: ? - help, Shift-Dir - straight line, f/p - Duvessa
Aim: Duvessa, wielding a +0 rapier and wearing a +0 scale mail (severely wounded, 87% to hit)
The blast of sand hits Duvessa but does no damage.
Duvessa is severely wounded.
Dowan closely misses you. Duvessa barely misses you.
Casting: Sandblast (safe; 1% risk of failure)
Confirm with . or Enter, or press ? or * to list all spells.
Aiming: Sandblast (safe; 1% risk of failure)
Press: ? - help, Shift-Dir - straight line, f/p - Duvessa
Aim: Duvessa, wielding a +0 rapier and wearing a +0 scale mail (severely wounded, 87% to hit)
The blast of sand hits Duvessa.
Duvessa is severely wounded.
Dowan hits you but does no damage. Duvessa hits you with a +0 rapier!
* * * LOW HITPOINT WARNING * * *
Dowan says, "Stay away from my face!"
Dowan hits you with a +1 dagger of venom!
You die...

.. ## .# .. .# # #.# .# #.# #..
.##..# ### #..###....## ..####
#...#ee....# .....# #..@# #.##.#
#...# ...#.### #...# #..#...####
#...# .....#..(.# #...######
....####''####........#..
....#........#..........# ..
....#........#........#.# ..#
>...#.(~~.~..#...######.#####.##.


You could see Duvessa and Dowan.

Vanquished Creatures
  A centaur (D:5)
  3 iguanas
  3 iron imps (D:3)
  Jessica (D:3)
  2 orc wizards (D:3)
  6 adders
  3 worms
  A dart slug (D:2)
  8 orcs (D:3)
  7 endoplasms
  4 giant cockroaches
  12 goblins
  4 hobgoblins
  8 jackals (D:2)
  8 kobolds
  11 quokkas
  10 ball pythons
  4 bats
  5 rats
101 creatures vanquished.

Notes
Turn   | Place    | Note
-------+----------+-------------------------------------------
     0 | D:1      | Graphine the Gargoyle Earth Elementalist began the quest
                  | for the Orb.
     0 | D:1      | Reached XP level 1. HP: 10/10 MP: 3/3
   187 | D:1      | Reached XP level 2. HP: 16/16 MP: 3/5
   297 | D:1      | Reached skill level 1 in Fighting
   391 | D:1      | Reached skill level 4 in Earth Magic
   510 | D:1      | Reached XP level 3. HP: 20/20 MP: 3/6
   995 | D:2      | Learned a level 3 spell: Stone Arrow
  1169 | D:2      | Found Iwyteclya's Antique Weapon Shop.
  1575 | D:2      | Reached XP level 4. HP: 25/25 MP: 2/7
  2274 | D:3      | HP: 1/26 [orc/+0 flail (6)]
  2410 | D:3      | Found a burning altar of Makhleb.
  2417 | D:3      | Reached XP level 5. HP: 30/30 MP: 4/9
  2443 | D:3      | Became a worshipper of Makhleb the Destroyer
  2626 | D:3      | Reached skill level 5 in Earth Magic
  2626 | D:3      | Reached XP level 6. HP: 36/36 MP: 2/10
  2733 | D:3      | Noticed Jessica
  2736 | D:3      | Killed Jessica
  2868 | D:3      | Found a faded altar of an unknown god.
  3272 | D:4      | Found an ornate altar of the Wu Jian Council.
  3378 | D:4      | Reached * piety under Makhleb
  3807 | D:5      | Entered Level 5 of the Dungeon
  3852 | D:5      | Reached XP level 7. HP: 35/41 MP: 9/12
  4002 | D:5      | Noticed Duvessa
  4002 | D:5      | Noticed Dowan
  4012 | D:5      | Slain by Dowan

Illustrated notes

Levels and vault maps discovered:
D:1:      nicolae_arrival_washed_ashore, layout_basic, serial_bayou_crossing
D:2:      layout_basic, serial_shops, nicolae_shop_trees
D:3:      layout_basic, demons_altar, shapermc_ecumenical_altar_acropolis,
          uniq_jessica
D:4:      layout_cave_pools, mainiacjoe_overflow_catwalk, nrook_uturn
D:5:      minmay_goblin_kobold_castle, layout_loops_cross,
          nemelex_xobeh_ov_fountains_minmay, st_stairs_8,
          kennysheep_generic_room_4, uniq_duvessa

Skill      XL: |  1  2  3  4  5  6 |
---------------+-------------------+-----
Fighting       | 1 2 3 |  3.7
Earth Magic    | 4 5 |  5.6
Stealth        | 3 4 |  4.8
Spellcasting   | 3 |  3.7
Dodging        | |  1.5
Transmutations | |  0.7

Action                     |  1- 3 |  4- 6 |  7- 9 || total
---------------------------+-------+-------+-------++-------
  Melee: Mace              |     2 |    11 |       ||    13
   Cast: Sandblast         |    53 |    92 |    14 ||   159
    Use: Scroll            |     3 |     6 |       ||     9
         Potion            |       |     1 |     1 ||     2
   Stab: Sleeping          |     1 |       |       ||     1
 Armour: Robe              |     1 |    22 |     3 ||    26
  Dodge: Dodged            |    10 |    22 |     5 ||    37
